 Dungeon Crawl Stone Soup version 0.31.0-11-ge490571c62 (webtiles) character file.

Game seed: 15382250000211464306

3910 Doomgape the Basher (level 10, -1/102 HPs)
             Began as a Gargoyle Fighter on Feb 7, 2024.
             Was a Believer of Okawaru.
             Slain by a vault guard
             ... wielding a +0 broad axe
              (9 damage)
             ... in a bailey.
             The game lasted 00:21:38 (8150 turns).

Doomgape the Basher (Gargoyle Fighter)              Turns: 8150, Time: 00:21:39

Health: -1/102     AC: 25    Str: 25    XL:     10   Next: 20%
Magic:  10/10      EV:  2    Int:  8    God:    Okawaru [**....]
Gold:   578        SH:  9    Dex:  9    Spells: 9/9 levels left

rFire   + . .        a - +0 flail
rCold   . . .        c - +0 buckler
rNeg    + . .        y - melded +0 plate armour
rPois   ∞            g - melded +2 hat
rElec   .            (cloak currently unavailable)
rCorr   .            (gloves currently unavailable)
SInv    .            (boots currently unavailable)
Will    .....        h - amulet of reflection
Stlth   +            m - ring of flight
HPRegen 0.37/turn    v - ring of protection from fire
MPRegen 0.12/turn

%: reflection
@: tree-form, attractive
A: stationary, stasis, torment immunity, boosted hp, sickness immunity, AC +7,
negative energy resistance 1, (electricity resistance), torment resistance 1,
petrification resistance
a: Renounce Religion, Heroism


You were in a bailey.
You worshipped Okawaru.
Okawaru was pleased with you.
You were a tree.
You visited 2 branches of the dungeon, and saw 9 of its levels.
You also visited: Sewer and Bailey.

You collected 578 gold pieces.

Inventory:

Hand Weapons
 a - a +0 flail (weapon)
 x - a +0 heavy spear
Armour
 c - a +0 buckler (worn)
 g - a +2 hat (melded)
 y - a +0 plate armour (melded)
Jewellery
 h - an amulet of reflection (around neck)
 j - a ring of magical power
 m - a ring of flight (left branch)
 r - an amulet of the acrobat
 v - a ring of protection from fire (right branch)
Wands
 p - a wand of mindburst (16)
 w - a wand of acid (8)
Scrolls
 d - a scroll of brand weapon {unknown}
 i - 3 scrolls of identify
 l - a scroll of immolation
 n - 3 scrolls of teleportation
 o - a scroll of revelation
 s - 2 scrolls of vulnerability
 t - a scroll of amnesia
Potions
 e - a potion of resistance
 k - a potion of berserk rage
 q - 3 potions of enlightenment
 A - a potion of attraction


   Skills:
 - Level 10.0 Fighting
 + Level 10.4 Maces & Flails
 + Level 6.9 Armour
 - Level 3.2 Shields


You had 9 spell levels left.
You didn't know any spells.
Your spell library contained the following spells:

 Spells                   Type           Power      Damage    Failure   Level
 Hailstorm                Conj/Ice       0%         3d5       83%         3
 Ozocubu's Armour         Ice            0%         N/A       83%         3
 Iskenderun's Battlesphe  Conj           0%         2d6       100%        5
 Metabolic Englaciation   Hex/Ice        0%         N/A       100%        5
 Bombard                  Conj/Erth      0%         9d1       100%        6
 Summon Ice Beast         Ice/Summ       Unusable   N/A       N/A         3
 Sculpt Simulacrum        Ice/Alch       Unusable   N/A       N/A         6
 Spellforged Servitor     Conj/Summ      Unusable   N/A       N/A         7

Dungeon Overview and Level Annotations

Branches:
Dungeon (8/15)             Temple (1/1) D:7           Sewer (visited)
 Bailey (1/1)
   Lair: D:8-11

Altars:
Ashenzari
Cheibriados
Dithmenos
Elyvilon
Fedhas
Hepliaklqana
Kikubaaqudgha
Makhleb
Nemelex Xobeh
Okawaru
Qazlal
Ru
Sif Muna
Trog
Uskayaw
Wu Jian
Xom
Yredelemnul
Zin
The Shining One

Shops:
D:6 [

Annotations:
D:6 3 runed translucent doors, HourglassMan's ghost, novice NaBe Bailey Prince Ribbit


Innate Abilities, Weirdness & Mutations

You are a tree.
Your roots penetrate the ground, keeping you stationary.
You cannot be teleported.
You are immune to unholy pain and torment.
Your maximum health is greatly increased.
Your equipment is partially melded.
You are immune to sickness and miasma.
((Your stone body is resilient. (AC +7)))
You are immune to poison.
You resist negative energy. (rN+)
((You are resistant to electric shocks. (rElec)))
You are resistant to unholy torment.
You are immune to petrification.


Message History

Unknown command.
You hit the vault guard.
The vault guard is lightly wounded.
The bullfrog hits you but does no damage. x2
Unknown command.
You barely miss the vault guard.
The vault guard is lightly wounded.
The vault guard hits you but does no damage.
The bullfrog completely misses you.
Prince Ribbit hops awkwardly around.
Unknown command.
You closely miss the vault guard.
The vault guard is lightly wounded.
Prince Ribbit blinks!
You block the bullfrog's attack. You block the vault guard's attack.
Unknown command.
You sock the vault guard!
The vault guard is lightly wounded.
The bullfrog hits you but does no damage.
The vault guard hits you but does no damage.
The bullfrog hits you but does no damage.
Unknown command.
You barely miss the vault guard.
The vault guard is lightly wounded.
The bullfrog hits you but does no damage.
The vault guard hits you with a +0 broad axe!
* * * LOW HITPOINT WARNING * * *
Unknown command.
You hit the vault guard but do no damage.
The vault guard is lightly wounded.
You block the bullfrog's attack.
Prince Ribbit blinks!
The vault guard hits you with a +0 broad axe!
* * * LOW HITPOINT WARNING * * *
Unknown command.
You hit the vault guard but do no damage.
The vault guard is lightly wounded.
You block the bullfrog's attack.
The bullfrog hits you but does no damage.
The vault guard hits you with a +0 broad axe!
You die...

##########
##...##~~~##
##....#~~~~~#
##.....+~~~~~#####
#......#~~~~##...##
###..).##~~†'..∩..#
###..######.....#
##'#..pF♣..∩..# ~
#....pp##...## ~~
#....§gg#####
.~≈#######)..#
..~≈≈≈#..##..#
....F.#..#.g.#
~~~~p.'.p#.p.#
#g.g..## #....##


You could see a vault guard, 2 humans, a bullfrog and a goblin.

Vanquished Creatures
  A kobold demonologist (D:7)
  2 humans (Bailey)
  Eustachio (D:6)
  2 steam dragons
  Duvessa (D:5)
  An orc warrior (D:7)
  An ice beast (D:7)
  3 sky beasts
  A black bear (D:6)
  2 ogres
  2 centaurs (D:7)
  A kobold brigand (D:7)
  13 bullfrogs
  3 scorpions
  4 wights (D:8)
  Dowan (D:5)
  A bombardier beetle (D:7)
  A gnoll bouda (D:6)
  3 hounds
  A jelly (D:5)
  2 sleepcaps
  An iguana (D:6)
  3 orc wizards
  12 adders
  4 gnolls (D:6)
  3 river rats (Sewer)
  2 ufetubi (D:6)
  3 dart slugs
  7 ribbon worms
  11 orcs
  13 ball pythons
  7 endoplasms
  9 giant cockroaches
  10 goblins
  6 hobgoblins
  10 jackals
  10 quokkas
  11 bats
  5 frilled lizards
  10 kobolds
  5 rats
189 creatures vanquished.

Notes
Turn   | Place    | Note
-------+----------+-------------------------------------------
     0 | D:1      | Doomgape the Gargoyle Fighter began the quest for the Orb.
     0 | D:1      | Reached XP level 1. HP: 14/14 MP: 1/1
   131 | D:1      | Reached XP level 2. HP: 19/19 MP: 2/2
   548 | D:1      | Reached XP level 3. HP: 24/24 MP: 3/3
   749 | D:2      | Found a blossoming altar of Fedhas.
   799 | D:2      | Found a faded altar of an unknown god.
   971 | D:2      | Reached XP level 4. HP: 28/30 MP: 4/4
  2061 | D:4      | Noticed a scorpion
  2080 | D:4      | Killed a scorpion
  2081 | D:4      | Reached skill level 5 in Fighting
  2081 | D:4      | Reached XP level 5. HP: 21/35 MP: 5/5
  2252 | D:4      | Found a glowing drain.
  2316 | Sewer    | Entered a sewer
  2509 | Sewer    | Reached XP level 6. HP: 37/40 MP: 6/6
  3523 | D:4      | Reached skill level 5 in Maces & Flails
  3611 | D:4      | Found a blossoming altar of Fedhas.
  3875 | D:5      | Entered Level 5 of the Dungeon
  4047 | D:5      | Noticed a steam dragon
  4067 | D:5      | Killed a steam dragon
  4068 | D:5      | Reached XP level 7. HP: 5/47 MP: 7/7
  4454 | D:5      | Noticed Duvessa
  4454 | D:5      | Noticed Dowan
  4466 | D:5      | Killed Duvessa
  4467 | D:5      | Reached XP level 8. HP: 47/53 MP: 8/8
  4472 | D:5      | Killed Dowan
  5145 | D:6      | Noticed Eustachio
  5208 | D:6      | Killed Eustachio
  5393 | D:6      | Found a runed translucent gate.
  5394 | D:6      | Found a runed translucent gate.
  5394 | D:6      | Noticed HourglassMan's ghost (novice NaBe)
  5395 | D:6      | Found a runed translucent gate.
  5510 | D:6      | Found Yshaul's Antique Armour Shoppe.
  5809 | D:6      | Found a bloodstained altar of Trog.
  5814 | D:6      | Found a hide-covered altar of Uskayaw.
  6290 | D:6      | Found a sparkling altar of Nemelex Xobeh.
  6291 | D:6      | Found an ancient bone altar of Kikubaaqudgha.
  6294 | D:6      | Found a hazy altar of Hepliaklqana.
  6294 | D:6      | Found a glowing golden altar of the Shining One.
  6297 | D:6      | Found a white marble altar of Elyvilon.
  6301 | D:6      | Found an ornate altar of the Wu Jian Council.
  6495 | D:7      | Found a staircase to the Ecumenical Temple.
  6504 | D:7      | Reached XP level 9. HP: 49/60 MP: 9/9
  6556 | Temple   | Entered the Ecumenical Temple
  6589 | Temple   | Became a worshipper of Warmaster Okawaru
  6609 | D:7      | Noticed a kobold demonologist
  6659 | D:7      | Killed a kobold demonologist
  6861 | D:7      | Reached skill level 10 in Fighting
  6936 | D:7      | Reached * piety under Okawaru
  7782 | D:8      | Reached skill level 5 in Armour
  7850 | D:8      | Found a flagged portal.
  7879 | Bailey   | Entered a bailey
  7886 | Bailey   | Reached ** piety under Okawaru
  7943 | Bailey   | Reached skill level 10 in Maces & Flails
  7943 | Bailey   | Reached XP level 10. HP: 62/68 MP: 10/10
  8101 | Bailey   | Noticed Prince Ribbit
  8124 | Bailey   | Noticed a vault guard
  8150 | Bailey   | Slain by a vault guard

Illustrated notes

Levels and vault maps discovered:
D:1:      tarquinn_simple_flora_water_f, layout_loops_ring, minmay_pentomino_s2
D:2:      kennysheep_big_flooded_room, layout_rooms, basic_ecumenical_altar,
          basic_altar
D:3:      layout_loops_ring, kennysheep_flooded_box, chequers_avenue
D:4:      layout_loops_ring, mainiacjoe_overflow_brackets,
          cheibrodos_sewer_entry_sluice
D:5:      layout_basic, uniq_duvessa
D:6:      minmay_angry_zag, layout_basic, nicolae_overflow_hallway_of_the_gods,
          gammafunk_ghost_split, serial_shops, shop_fountains, uniq_eustachio
D:7:      layout_cave_pools, minmay_temple_entry_offerings,
          kennysheep_generic_room_7
D:8:      layout_rooms, enter_bailey_2
Temple:   jpeg_temple_clearing
Bailey:   bailey_axe_froggy_fort_hellmonk, bailey

Skill      XL: |  1  2  3  4  5  6  7  8  9 |
---------------+----------------------------+-----
Fighting       | 4 5 6 7 9 10 | 10.0
Maces & Flails | 3 4 5 6 8 10 | 10.4
Armour         | 6 |  6.9
Shields        | |  3.2

Action                     |  1- 3 |  4- 6 |  7- 9 | 10-12 || total
---------------------------+-------+-------+-------+-------++-------
  Melee: Flail             |   118 |   329 |   331 |    67 ||   845
  Evoke: Wand              |       |       |     4 |       ||     4
    Use: Scroll            |       |    10 |     2 |       ||    12
         Potion            |       |     3 |     2 |     3 ||     8
 Armour: Scale mail        |    68 |   209 |       |       ||   277
         Chain mail        |       |    61 |   276 |       ||   337
         Plate armour      |       |       |    40 |    98 ||   138
         Skin              |       |       |       |    16 ||    16
  Dodge: Dodged            |    59 |   136 |    92 |    35 ||   322
  Block: Buckler           |    51 |   194 |   166 |    50 ||   461
         Reflection        |     2 |     5 |    10 |       ||    17
